Map: Void Thrashing

Players

Masterfix

  • Race: Zerg Zerg
  • Spawn Location: 6:00

TeilzeitKev

  • Race: Zerg Zerg

VOD

Have the link to the VOD?

Description

Time

  • Played on: Jan. 12, 2021, 1:56 a.m.
  • Length: 17:22
Show
View Real Time Build Order
Export as new Build Order

Masterfix Zerg 

Build Orders:  

Get SALT Encoding   

  12  0:04  Drone  
  13  0:13  Drone  
  14  0:26  Overlord  
  14  0:51  Drone  
  14  0:52  Drone x2  
  17  1:02  Drone  
  18  1:14  Spawning Pool  
  18  1:18  Drone  
  18  1:30  Extractor  
  18  1:33  Extractor, Drone  
  17  1:46  Queen  
  17  1:48  Drone  
  20  2:04  Drone  
  21  2:17  Drone  
  22  2:44  Hatchery  
  22  2:49  Overlord  
  21  2:56  Overlord  
  21  3:05  Drone  
  22  3:21  Lair  
  22  3:26  Drone  
  23  3:37  Drone x2  
  25  3:44  Drone  
  25  3:49  Drone  
  27  3:55  Drone  
  27  3:57  Drone  
  29  4:17  Drone  
  29  4:18  Drone x3  
  33  4:31  Queen  
  33  4:39  Metabolic Boost  
  35  5:02  Evolution Chamber  
  35  5:06  Evolution Chamber  
  33  5:23  Drone x2  
  35  5:39  Hardened Carapace  
  35  6:05  Hatchery  
  35  6:07  Extractor  
  35  6:09  Heroic Fortitude  
  33  6:10  Chain Reaction  
  33  6:12  Extractor  
  32  6:22  Hydralisk Den  
  32  6:29  Unknown  
  31  7:03  Drone  
  31  7:04  Drone x10  
  42  8:07  Drone  
  42  8:08  Drone x6  
  42  8:09  Drone  
  50  8:18  Overlord  
  50  8:19  Overlord x6  
  50  8:39  Hive  
  50  8:42  Muscular Augments  
  50  8:52  Overseer x2  
  50  8:57  Zerg Missile Weapons Level 1  
  50  8:58  Zerg Ground Armor Level 1  
  50  9:42  Ancillary Carapace  
  50  10:07  Drone x2  
  50  10:08  Drone  
  53  10:10  Drone  
  53  10:11  Drone  
  55  10:53  Hatchery  
  55  10:58  Extractor x2  
  52  11:30  Frenzy  
  52  11:37  Ability Efficiency  
  52  11:39  Zerg Missile Weapons Level 2  
  52  12:06  Drone  
  52  12:07  Drone x2  
  52  12:08  Drone x2  
  52  12:09  Drone x2  
  59  12:10  Drone  
  92  13:14  Hydralisk  
  92  13:15  Hydralisk x15  
  92  13:16  Hydralisk x7  
  92  13:17  Queen  
  108  13:37  Zerg Ground Armor Level 2  
  108  13:54  Overlord  
  108  13:55  Overlord x8  
  108  14:09  Adrenal Overload  
  108  14:26  Hydralisk  
  108  14:27  Hydralisk x11  
  122  15:09  Shredding Claws  
  142  15:12  Hydralisk  
  142  15:13  Hydralisk x11  
  122  15:46  Hydralisk  
  122  15:47  Hydralisk x6  
  122  15:48  Hydralisk  
  122  15:49  Overseer x3  
  138  16:09  Hydralisk  
  144  16:10  Hydralisk x2  
Show
View Real Time Build Order
Export as new Build Order

TeilzeitKev Zerg 

Build Orders:  

Get SALT Encoding   

  12  0:03  Infested SCV  
  13  0:12  Infested SCV  
  13  0:19  Infested SCV  
  15  0:32  Overlord  
  15  0:42  Infested Refinery  
  15  0:50  Infested Refinery  
  15  1:05  Infested SCV  
  15  1:07  Infested SCV  
  15  1:08  Infested SCV  
  18  1:49  Infested Barracks  
  18  1:50  Infested SCV  
  18  1:51  Infested SCV  
  18  1:53  Infested SCV  
  21  2:10  Infested SCV  
  22  2:27  Infested SCV  
  23  2:59  Infested Command Center  
  23  3:04  Overlord  
  23  3:21  Infestation Level 1  
  23  3:31  Infested Marine  
  23  3:32  Infested Marine x7  
  25  4:10  Infested Barracks Tech Lab  
  25  4:15  Infested SCV x2  
  25  4:16  Infested SCV x3  
  30  4:53  Infested Command Center  
  30  4:57  Infested SCV x6  
  34  5:18  Infested Engineering Bay  
  34  5:21  Infested Engineering Bay, Anaerobic Enhancement  
  34  5:24  Infested Factory  
  34  5:27  Infested SCV  
  34  5:28  Infested SCV x2  
  34  5:29  Infested SCV  
  38  5:56  Stukov Infantry Weapons Level 1  
  38  5:57  Stukov Infantry Armor Level 1  
  38  6:00  Retinal Augmentation  
  38  6:09  Infested SCV x2  
  40  6:10  Infested SCV  
  40  6:11  Infested SCV  
  40  6:15  Overlord  
  42  7:00  Plagued Munitions  
  42  7:03  Infested Marine  
  42  7:04  Infested Marine x7  
  42  7:05  Infested Marine x4  
  54  7:30  Infested Armory  
  54  7:35  Overlord x3  
  54  7:36  Overlord x2  
  50  7:54  Infestation Level 2  
  42  8:21  Infested SCV  
  42  8:22  Infested SCV x3  
  42  8:23  Overlord  
  58  8:56  Infested Bunker  
  58  8:58  Infested Bunker  
  58  9:02  Unknown  
  58  9:10  Infested Bunker  
  58  9:32  Infested Colonist Compound  
  54  9:40  Infested Marine  
  54  9:41  Infested Marine x9  
  54  9:42  Infested Marine x10  
  74  9:54  Broodling Gestation  
  74  9:58  Infested SCV x2  
  74  9:59  Infested SCV x2  
  78  10:01  Aggressive Incubation  
  78  10:15  Infested Bunker  
  78  10:19  Infested Bunker  
  90  10:23  Infested Bunker  
  90  11:07  Overlord x3  
  90  11:08  Overlord, Infested Bunker  
  74  11:26  Infested Bunker  
  78  11:31  Infestation Level 3  
  78  12:20  Infested Bunker  
  78  12:26  Overlord  
  78  12:27  Infested Bunker  
  86  12:57  Infested Bunker  
  94  13:16  Infested Bunker  
  94  13:36  Infested Bunker  
  94  13:39  Stukov Infantry Weapons Level 2, Stukov Infantry Armor Level 2  
  102  14:13  Infested Bunker  
  102  14:18  Infested Bunker  
  106  15:29  Infested Bunker  
  118  15:31  Infested Bunker  
  118  15:33  Infested Bunker  
  122  15:52  Infested Bunker  
Tags
 
Add a new tag
Caveats
  • Supply blocks, unpowered buildings, or Contaminate may cause inaccurate times.
  • Supply counts are checked every 10 seconds.